 Dungeon Crawl Stone Soup version 0.30-a0-709-gcdc1b43e22 (webtiles) character file.

Game seed: 12894576013246335174

8633 M4edhros the Transmogrifier (level 11, -2/69 HPs)
             Began as an Octopode Artificer on Jan 22, 2023.
             Was a High Priest of Cheibriados.
             Slain by a death yak simulacrum (13 damage)
             ... in an ice cave.
             The game lasted 00:33:58 (5529 turns).

M4edhros the Transmogrifier (Octopode Artificer)    Turns: 5529, Time: 00:33:58

Health: -2/69      AC:  8    Str: 23    XL:     11   Next: 33%
Magic:  4/26       EV: 20    Int: 27    God:    Cheibriados [*****.]
Gold:   449        SH:  0    Dex: 28    Spells: 3/18 levels left

rFire   + . .      SeeInvis +      - Unarmed
rCold   + + .      Faith    .    (no shield)
rNeg    + . .      Spirit   .    a - +1 hat
rPois   .          Reflect  .    x - amulet of regeneration
rElec   .          Harm     .    e - ring of protection from cold
rCorr   .          Rampage  .    u - ring of magical power
Will    .....      Rage     3%   v - ring of see invisible
Stlth   ++                       w - ring of protection from cold
HPRegen 1.11/turn                k - ring of positive energy
MPRegen 0.20/turn                G - ring of protection from fire
                                 (no ring)
                                 (no ring)

@: ice-armoured, on berserk cooldown, contaminated, slowed, glowing, very slow
A: almost no armour, amphibious, 8 rings, camouflage 1, gelatinous body 1,
(nimble swimmer 1), tentacles, berserk 1, devolution 2
a: Renounce Religion, Bend Time, Temporal Distortion, Slouch, Step From Time


You were in an ice cave.
You worshipped Cheibriados.
Cheibriados was extremely pleased with you.
You visited 2 branches of the dungeon, and saw 13 of its levels.
You also visited: Ossuary and Ice Cave.

You collected 457 gold pieces.
You donated 8 gold pieces to Zin.

Inventory:

Hand Weapons
 y - a +3 morningstar
 J - a +3 short sword of electrocution
Missiles
 c - 3 atropa-tipped darts
 q - 15 poisoned darts (quivered)
 K - 3 javelins
Armour
 a - a +1 hat (worn)
Jewellery
 e - a ring of protection from cold (left tentacle)
 k - a ring of positive energy (on tentacle)
 u - a ring of magical power (right tentacle)
 v - a ring of see invisible (on tentacle)
 w - a ring of protection from cold (on tentacle)
 x - an amulet of regeneration (around mantle)
 z - an amulet of guardian spirit
 G - a ring of protection from fire (on tentacle)
Wands
 b - a wand of flame (1)
 d - a wand of iceblast (9)
 I - a wand of polymorph (1)
 L - a wand of digging (7)
Scrolls
 f - 2 scrolls of enchant armour
 m - a scroll of teleportation
 o - 3 scrolls of amnesia
 D - a scroll of torment
 F - 2 scrolls of immolation
Potions
 h - 4 potions of brilliance
 i - a potion of haste {unknown}
 j - 3 potions of curing
 l - 3 potions of lignification {unknown}
 n - 3 potions of flight
 r - 3 potions of ambrosia
 t - 5 potions of attraction
 A - 2 potions of degeneration {unknown}
 E - a potion of mutation


   Skills:
 - Level 4.0 Fighting
 - Level 7.0 Dodging
 - Level 1.3 Stealth
 - Level 5.0 Unarmed Combat
 * Level 4.1 Spellcasting
 - Level 10.0 Transmutations
 - Level 3.0 Ice Magic
 + Level 4.6 Earth Magic
 - Level 6.0 Poison Magic
 - Level 5.2 Invocations
 - Level 4.5 Evocations


You had 3 spell levels left.
You knew the following spells:

 Your Spells              Type           Power      Damage    Failure   Level
a - Eringya's Noxious Bo  Tmut/Pois      24%        N/A       41%         6
b - Ozocubu's Armour      Ice            21%        N/A       7%          3
c - Statue Form           Tmut/Erth      30%        N/A       52%         6

Your spell library contained the following spells:

 Spells                   Type           Power      Damage    Failure   Level
 Passwall                 Tmut/Erth      37%        N/A       1%          2
 Ensorcelled Hibernation  Hex/Ice        26%        N/A       6%          2
 Slow                     Hex            20%        N/A       8%          1
 Scorch                   Fire           10%        2d5       12%         2
 Confusing Touch          Hex            5%         N/A       24%         3
 Swiftness                Air            5%         N/A       24%         3
 Vampiric Draining        Necr           5%         2d6       24%         3
 Blade Hands              Tmut           28%        N/A       3%          5
 Ice Form                 Ice/Tmut       40%        N/A       5%          4
 Alistair's Intoxication  Tmut/Pois      32%        N/A       9%          5
 Flame Wave               Conj/Fire      5%         2d5       61%         4
 Borgnjor's Vile Clutch   Necr/Erth      9%         N/A       63%         5
 Metabolic Englaciation   Hex/Ice        6%         N/A       75%         5
 Simulacrum               Ice/Necr       6%         N/A       100%        6
 Summon Cactus Giant      Summ           2%         N/A       100%        6


Dungeon Overview and Level Annotations

Branches:
Dungeon (12/15)              Lair (1/5) D:11        Ossuary (visited)
  IceCv (1/1)
 Temple: D:4-7          Orc: D:9-12

Altars:
Cheibriados
Elyvilon
Fedhas
Hepliaklqana
Kikubaaqudgha
Makhleb
Ru
Trog
Yredelemnul
Zin

Annotations:
D:6 Blork the orc, Maggie


Innate Abilities, Weirdness & Mutations

You cannot wear most types of armour.
You are amphibious.
You can wear up to eight rings at the same time.
Your skin changes colour to match your surroundings (Stealth+).
Your rubbery body absorbs attacks. (AC +1, EV +1)
((You are camouflaged when in or above water. (Stealth+)))
You have tentacles for arms and can constrict up to eight enemies at once.
You sometimes lose your temper in combat.
You have terrible hidden genetic defects.


Message History

The death yak simulacrum is moderately damaged.
The now-empty wand crumbles to dust.
Okay, then.
Okay, then.
Okay, then.
You tentacle-slap the death yak simulacrum.
The death yak simulacrum is heavily damaged.
The death yak simulacrum barely misses you.
You tentacle-slap the death yak simulacrum but do no damage.
The death yak simulacrum is heavily damaged.
The death yak simulacrum gores you! The death yak simulacrum freezes you!
You resist.
Okay, then.
Okay, then.
Casting: Statue Form (extremely dangerous; 52% risk of failure)
Confirm with . or Enter, or press ? or * to list all spells.
Okay, then.
Okay, then.
Unknown command.
You tentacle-slap the death yak simulacrum but do no damage.
You tentacle-slap the death yak simulacrum.
The death yak simulacrum is heavily damaged.
The death yak simulacrum gores you! The death yak simulacrum freezes you.
You resist.
* * * LOW HITPOINT WARNING * * *
Okay, then.
You feel better. The death yak simulacrum gores you.
The death yak simulacrum freezes you. You resist.
* * * LOW HITPOINT WARNING * * *
You feel better.
The death yak simulacrum barely misses you.
Your body shudders with the violent release of wild energies!
You feel a little pissed off.
You tentacle-slap the death yak simulacrum.
You squeeze the death yak simulacrum!
The death yak simulacrum is severely damaged.
The death yak simulacrum gores you!
* * * LOW HITPOINT WARNING * * *
The death yak simulacrum freezes you! You resist.
You die...

####### #
#.....## ..
#......## ...
#.......#....
#.∩..∩......Z
#.......#..ZZ
#......## .
#...@Z##
#######


You could see a death yak simulacrum (corroded).

Vanquished Creatures
  A centaur warrior (D:9)
  A two-headed ogre (D:10)
  A tengu warrior (D:9)
  An ugly thing (D:9)
  A gargoyle (D:11)
  2 unseen horrors (D:10)
  3 trolls
  A hornet (D:9)
  2 shadows
  2 wraiths
  5 yaks (D:9)
  A death yak simulacrum (IceCv)
  An acid dragon (D:9)
  7 orc warriors
  2 ice beasts
  A sky beast (D:6)
  3 centaurs
  A phantom (D:7)
  2 kobold brigands
  3 bullfrogs (D:8)
  A gnoll sergeant (D:8)
  2 necrophages (D:5)
  2 scorpions
  5 wights
  4 killer bees (D:10)
  An elephant simulacrum (IceCv)
  A howler monkey (D:11)
  A jelly (D:4)
  3 orc priests (D:7)
  6 iguanas
  5 orc wizards
  A wolf simulacrum (IceCv)
  4 mummies
  7 adders
  2 shadow imps
  A worm (D:2)
  2 adder zombies (Ossuary)
  5 dart slugs
  26 orcs
  4 endoplasms
  A giant cockroach (D:3)
  A gnoll zombie (Ossuary)
  6 goblins
  9 hobgoblins
  3 quokkas (D:2)
  5 ball pythons
  4 bats
  2 frilled lizards (D:2)
  3 goblin zombies (Ossuary)
  3 hobgoblin zombies (Ossuary)
  11 kobolds
  4 kobold zombies (Ossuary)
  4 quokka zombies (Ossuary)
  3 rats
  A rat zombie (Ossuary)
184 creatures vanquished.

Vanquished Creatures (collateral kills)
  An orc warrior (D:8)
  A wight (D:7)
  A jelly (D:7)
  3 orc priests
  A mummy (Ossuary)
  24 orcs
31 creatures vanquished.

Vanquished Creatures (others)
  A troll (D:9)
  An acid dragon (D:9)
  A wight (D:7)
  A plant (Lair:1)
4 creatures vanquished.

Grand Total: 219 creatures vanquished

Notes
Turn   | Place    | Note
-------+----------+-------------------------------------------
     0 | D:1      | M4edhros the Octopode Artificer began the quest for the
                  | Orb.
     0 | D:1      | Reached XP level 1. HP: 13/13 MP: 1/1
    39 | D:2      | Found a faded altar of an unknown god.
    59 | D:2      | Reached skill level 1 in Unarmed Combat
   102 | D:3      | Reached XP level 2. HP: 18/18 MP: 2/2
   220 | D:4      | Found a glowing silver altar of Zin.
   230 | D:4      | Found a bloodstained altar of Trog.
   233 | D:4      | Became a worshipper of Zin the Law-Giver
   241 | D:4      | Reached XP level 3. HP: 6/23 MP: 3/3
   290 | D:4      | Reached XP level 4. HP: 17/28 MP: 4/4
   323 | D:5      | Entered Level 5 of the Dungeon
   323 | D:5      | Noticed a necrophage
   326 | D:5      | Killed a necrophage
   327 | D:5      | Reached XP level 5. HP: 31/33 MP: 5/5
   351 | D:5      | Noticed a centaur
   386 | D:5      | Was placed under penance by Zin
   395 | D:5      | Killed a centaur
   396 | D:5      | Reached skill level 5 in Unarmed Combat
   396 | D:5      | Reached XP level 6. HP: 4/38 MP: 6/6
   683 | D:4      | Reached skill level 5 in Dodging
   705 | D:4      | Reached XP level 7. HP: 38/43 MP: 7/7
   776 | D:5      | Learned a level 6 spell: Eringya's Noxious Bog
   814 | D:5      | Reached skill level 1 in Poison Magic
   823 | D:5      | Reached skill level 1 in Transmutations
   867 | D:5      | HP: 1/39 [necrophage (2)]
   927 | D:5      | Found a snail-covered altar of Cheibriados.
   935 | D:5      | Fell from the grace of Zin
   935 | D:5      | Became a worshipper of Cheibriados the Contemplative
  1174 | D:1      | Reached * piety under Cheibriados
  1417 | D:1      | You fall into a shaft and drop 1 floor!
  1668 | D:3      | Found a white marble altar of Elyvilon.
  1957 | D:6      | Reached skill level 2 in Transmutations
  1978 | D:6      | Identified the +2 robe of the Snake Pit {rC+ rN+ Regen+
                  | Dex+3}
  2012 | D:6      | Noticed Blork the orc
  2084 | D:6      | Reached ** piety under Cheibriados
  2085 | D:6      | Reached XP level 8. HP: 42/48 MP: 8/8
  2222 | D:7      | Reached skill level 5 in Poison Magic
  2304 | D:7      | Found a sand-covered staircase.
  2317 | Ossuary  | Entered an ossuary
  2327 | Ossuary  | Reached skill level 3 in Transmutations
  2407 | Ossuary  | Reached *** piety under Cheibriados
  2586 | D:6      | Noticed Maggie
  2648 | D:7      | Reached skill level 1 in Spellcasting
  2650 | D:7      | Got the Vademecum on Therianthropy
  2661 | D:7      | Learned a level 3 spell: Ozocubu's Armour
  2690 | D:6      | Found a basalt altar of Yredelemnul.
  2992 | D:8      | Found a sacrificial altar of Ru.
  3058 | D:8      | Reached skill level 1 in Ice Magic
  3074 | D:8      | Reached **** piety under Cheibriados
  3087 | D:8      | Reached XP level 9. HP: 53/54 MP: 11/11
  3369 | D:9      | Noticed a hornet
  3425 | D:9      | Noticed a green ugly thing
  3425 | D:9      | Noticed a centaur warrior
  3425 | D:9      | Noticed a purple ugly thing
  3425 | D:9      | Noticed a troll
  3425 | D:9      | Noticed a gargoyle
  3428 | D:9      | Noticed a troll
  3431 | D:9      | Noticed a red ugly thing
  3435 | D:9      | Found a hazy altar of Hepliaklqana.
  3435 | D:9      | Noticed Maurice
  3455 | D:9      | Maurice changed into Maurice the ice beast
  3455 | D:9      | Noticed Maurice
  3463 | D:9      | Killed Maurice the ice beast
  3557 | D:9      | Reached skill level 1 in Invocations
  3588 | D:9      | Reached skill level 4 in Transmutations
  3599 | D:9      | Reached skill level 5 in Transmutations
  3669 | D:9      | Noticed a troll
  3678 | D:9      | Reached XP level 10. HP: 59/63 MP: 14/14
  3742 | D:9      | Reached skill level 5 in Invocations
  3757 | D:9      | Found a burning altar of Makhleb.
  3854 | D:8      | Found an ancient bone altar of Kikubaaqudgha.
  3909 | D:9      | Reached skill level 6 in Transmutations
  3984 | D:9      | Noticed a tengu warrior
  3990 | D:9      | Killed a tengu warrior
  3991 | D:9      | Reached skill level 7 in Transmutations
  4008 | D:9      | a snapping turtle changed into a moth of wrath
  4008 | D:9      | Noticed a moth of wrath (shapeshifter)
  4011 | D:9      | Killed a red ugly thing
  4012 | D:9      | Reached skill level 8 in Transmutations
  4029 | D:9      | HP: 2/63 [centaur warrior/arrow (15)]
  4030 | D:9      | Killed a centaur warrior
  4080 | D:9      | Noticed a manticore
  4131 | D:8      | Learned a level 6 spell: Statue Form
  4160 | D:9      | Noticed a two-headed ogre
  4242 | D:10     | Entered Level 10 of the Dungeon
  4333 | D:10     | Reached skill level 9 in Transmutations
  4333 | D:10     | Reached skill level 1 in Earth Magic
  4462 | D:10     | Noticed an unseen horror
  4471 | D:10     | Killed an unseen horror
  4527 | D:10     | Noticed an unseen horror
  4600 | D:10     | Noticed a two-headed ogre
  4614 | D:10     | Killed an unseen horror
  4614 | D:10     | Reached ***** piety under Cheibriados
  4615 | D:10     | Reached XP level 11. HP: 23/69 MP: 8/15
  4727 | D:10     | Found a blossoming altar of Fedhas.
  4744 | D:10     | Killed a two-headed ogre
  4996 | D:11     | Reached skill level 10 in Transmutations
  5038 | D:11     | Noticed a cyclops
  5187 | D:11     | Found a staircase to the Lair.
  5380 | D:12     | Noticed a manticore
  5414 | Lair:1   | Entered Level 1 of the Lair of Beasts
  5437 | Lair:1   | Found a frozen archway.
  5443 | IceCv    | Entered an ice cave
  5506 | IceCv    | Gained mutation: You have hidden genetic defects.
                  | [mutagenic glow]
  5514 | IceCv    | 7 times in a row miscast with 52% risk, eh.
  5522 | IceCv    | Gained mutation: You have terrible hidden genetic defects.
                  | [mutagenic glow]
  5528 | IceCv    | Gained mutation: You sometimes lose your temper in combat.
                  | [mutagenic glow]
  5529 | IceCv    | Slain by a death yak simulacrum

Illustrated notes

####### #
#.....## ..
#......## ...
#.......#....
#.∩..∩......Z
#.......#..ZZ
#.....Z## .
#...@○##
#######


Turn 5514 on IceCv: 7 times in a row miscast with 52% risk, eh.

Levels and vault maps discovered:
D:1:      dpeg_arrival_tiny_i, layout_rooms, minmay_tetromino_s2
D:2:      layout_basic, ebering_ecumenical_altar_rust, minmay_misc_feat_square
D:3:      layout_basic, tso_altar, lemuel_tele_altar, uniq_crazy_yiuf_cottage
D:4:      layout_loops_ring, nicolae_overflow_squiral,
          minmay_temple_entry_fiery, uniq_sigmund, uniq_pikel
D:5:      layout_cave_pods, slow_altar_2
D:6:      layout_basic, yredelemnul_altar_generic, kennysheep_small_spiral,
          corexii_hall_statues_deadend, uniq_maggie, uniq_blork_the_orc
D:7:      layout_rooms, gup_ossuary_entry_pyramid,
          eino_small_chamber_without_monster
D:8:      layout_loops_corners, lemuel_doored_altar,
          nicolae_overflow_crystal_walls, special_room [special_room_orc],
          minmay_crossroads
D:9:      layout_irregular_city, mainiacjoe_overflow_24_doors,
          mainiacjoe_overflow_tiny_flanked, minivault_28, uniq_maurice
D:10:     layout_layer_cave, nemelex_spade_bored_becter,
          fedhas_bush_and_centaur_altar, bh_walls_and_bars
D:11:     nicolae_cairo_tiling_large, layout_small_grid,
          minmay_orc_entry_temple_large
D:12:     layout_basic, minmay_the_grid_2x2 [minmay_the_grid_stretched_grid,
          minmay_the_grid_medium_cups, minmay_the_grid_empty,
          minmay_the_grid_prize_trominoes]
Lair:1:   layout_chaotic_city, portal_ice_cave_entry_pillars_1,
          grunt_forest_large_clearings
IceCv:    ice_cave_statue_garden_chambered

Skill      XL: |  1  2  3  4  5  6  7  8  9 10 11 |
---------------+----------------------------------+-----
Unarmed Combat | 1 3 4 5 |  5.0
Dodging        | 3 5 6 7 |  7.0
Poison Magic   | 4 6 |  6.0
Transmutations | 2 3 5 9 10 | 10.0
Evocations     | 4 |  4.5
Spellcasting   | 1 3 4 |  4.1
Ice Magic      | 1 3 |  3.0
Fighting       | 4 |  4.0
Invocations    | 4 5 |  5.2
Earth Magic    | 3 4 |  4.6
Stealth        | |  1.3

Action                     |  1- 3 |  4- 6 |  7- 9 | 10-12 || total
---------------------------+-------+-------+-------+-------++-------
  Melee: Unarmed           |    32 |    51 |   308 |   184 ||   575
         Tentacles         |    10 |    16 |    89 |    57 ||   172
         Constrict         |     7 |    10 |    74 |    22 ||   113
         Punch             |       |     1 |    15 |    14 ||    30
  Throw: Dart              |       |       |     2 |    15 ||    17
   Cast: Ozocubu's Armour  |       |       |     9 |    15 ||    24
         Statue Form       |       |       |       |     1 ||     1
 Invoke: Slouch            |       |       |     1 |       ||     1
  Evoke: Wand              |     4 |     4 |    33 |    25 ||    66
    Use: Scroll            |       |       |    15 |     3 ||    18
         Potion            |       |       |     3 |     8 ||    11
   Stab: Sleeping          |     3 |     3 |    13 |     2 ||    21
         Betrayed ally     |       |       |     2 |       ||     2
         Invisible         |       |       |       |     3 ||     3
 Armour: Skin              |     3 |     8 |    25 |    21 ||    57
  Dodge: Dodged            |    19 |    40 |   188 |   212 ||   459

Table legend: (Time is in decaauts)
 A = Elapsed time spent in this place.
 B = Non-inter-level travel time spent in this place.
 C = Inter-level travel time spent in this place.
 D = Time resting spent in this place.
 E = Time spent auto-exploring this place.
 F = Levels seen in this place.
 G = Mean time per level.
                   A        B        C        D        E       F      G
               +--------+--------+--------+--------+--------+-----+--------+
         Total |   7738 |   7168 |    570 |     54 |    279 |  15 |  515.9 |
       Dungeon |   7421 |   6851 |    570 |      4 |    279 |  12 |  618.4 |
          Lair |     39 |     39 |      0 |      0 |      0 |   1 |   39.0 |
       Ossuary |    185 |    185 |      0 |      0 |      0 |   1 |  185.0 |
      Ice Cave |     91 |     91 |      0 |     50 |      0 |   1 |   91.0 |
               +--------+--------+--------+--------+--------+-----+--------+

Top non-repeatable levels by time:
     D:9: 1104 daAuts
    D:10: 1094 daAuts
     D:8: 1013 daAuts
    D:11: 785 daAuts
     D:6: 610 daAuts
     D:2: 546 daAuts
     D:7: 518 daAuts
     D:5: 508 daAuts
     D:3: 475 daAuts
     D:1: 401 daAuts
     D:4: 359 daAuts
 Ossuary: 185 daAuts
   IceCv: 91 daAuts
  Lair:1: 39 daAuts
    D:12: 4 daAuts
